Map: Ruins of Seras

Players

Ailee (Azure) - Winner!

  • Race: Terran Terran
  • League: Master

Peppy

  • Race: Zerg Zerg
  • League: Master

VOD

Have the link to the VOD?

Description

Time

  • Played on: Nov. 15, 2015, 3:01 p.m.
  • Length: 8:45
Show
View Real Time Build Order
Export as new Build Order

Ailee Terran - Winner!

Build Orders: Reaper Expand, MMM Bio 

Get SALT Encoding   

  12  0:01  SCV  
  13  0:13  SCV  
  14  0:18  Supply Depot  
  14  0:25  SCV  
  15  0:39  SCV  
  15  0:41  Barracks  
  16  0:46  Refinery  
  16  0:51  SCV  
  17  1:03  SCV  
  18  1:15  SCV  
  19  1:28  Orbital Command  
  19  1:29  Reaper  
  20  1:42  Command Center  
  20  1:51  Supply Depot  
  20  1:56  SCV  
  21  2:01  Reaper  
  21  2:08  SCV  
  23  2:20  SCV  
  24  2:23  Factory  
  24  2:35  SCV  
  25  2:46  Refinery  
  25  2:49  Barracks Reactor  
  25  2:51  SCV, Barracks  
  25  2:53  Barracks  
  26  3:04  SCV  
  27  3:10  Orbital Command  
  27  3:16  SCV  
  28  3:28  SCV  
  29  3:35  Barracks Tech Lab, Hellion  
  29  3:36  Hellion  
  29  3:37  SCV  
  29  3:39  Barracks Reactor  
  29  3:40  SCV  
  35  3:41  Barracks Reactor  
  35  3:47  Supply Depot  
  35  3:50  SCV  
  35  3:52  SCV  
  35  3:53  Starport  
  35  3:54  Marine  
  38  4:02  SCV  
  39  4:06  Hellion  
  39  4:07  Supply Depot, Hellion, Stimpack  
  39  4:09  SCV  
  44  4:14  SCV  
  45  4:19  Marine  
  45  4:23  Supply Depot  
  46  4:25  Engineering Bay  
  46  4:28  SCV x2, Marine x4  
  51  4:40  SCV x2  
  51  4:41  Marine  
  54  4:46  Marine x2  
  54  4:48  Medivac x2  
  54  4:51  Refinery  
  54  4:52  Supply Depot, SCV x2  
  60  4:57  Supply Depot  
  62  5:05  Supply Depot  
  62  5:08  Factory Reactor  
  62  5:09  Supply Depot  
  62  5:19  SCV x2, Marauder, Marine x4  
  70  5:21  Supply Depot  
  70  5:27  Medivac  
  72  5:31  Bunker  
  72  5:36  Terran Infantry Weapons Level 1  
  72  5:37  Marine x3  
  72  5:39  Supply Depot  
  75  5:44  Barracks  
  75  5:45  Barracks  
  75  5:50  Marine x2  
  75  5:53  Widow Mine  
  75  5:54  Marine  
  75  5:55  Widow Mine  
  82  5:59  Marine x2  
  84  6:05  SCV  
  84  6:07  Marine  
  84  6:08  Combat Shields, SCV  
  75  6:31  Marine x4  
  75  6:32  Widow Mine x2  
  70  6:34  Barracks Reactor x2  
  70  6:36  Supply Depot  
  70  6:38  Command Center, Refinery  
  70  6:39  Marine  
  74  6:44  Medivac x2  
  78  6:48  Marine  
  78  6:49  Armory, Marine  
  78  6:53  Marine  
  78  6:54  Marine  
  81  6:57  Marine  
  83  7:01  Widow Mine x2  
  83  7:06  Marine x2  
  89  7:11  Marine  
  89  7:12  Marine x5  
  89  7:26  Marine x3  
  89  7:30  Widow Mine x2  
  91  7:38  Marine x3  
  91  7:39  Marine  
  91  7:41  Medivac x2  
  99  7:57  Marine x3  
  99  7:58  Widow Mine x2, Marine x3  
  102  8:02  Marine  
  102  8:03  Marine x2  
  102  8:04  Orbital Command  
  110  8:11  Medivac  
Show
View Real Time Build Order
Export as new Build Order

Peppy Zerg 

Build Orders: Hatch First, Muta Ling Bane 

Get SALT Encoding   

  12  0:01  Drone  
  13  0:08  Drone  
  14  0:18  Overlord  
  14  0:24  Extractor  
  14  0:25  Drone  
  15  0:36  Drone  
  15  0:37  Drone  
  17  0:53  Hatchery  
  16  0:57  Drone  
  16  1:02  Drone  
  18  1:14  Spawning Pool  
  18  1:16  Extractor  
  16  1:19  Drone  
  16  1:21  Drone  
  18  1:27  Drone  
  19  1:37  Overlord  
  19  2:00  Queen  
  19  2:01  Zergling x4  
  23  2:04  Queen  
  23  2:05  Zergling x2  
  26  2:10  Drone  
  27  2:16  Metabolic Boost  
  27  2:18  Drone  
  27  2:21  Drone  
  29  2:35  Drone x2  
  31  2:43  Drone  
  31  2:44  Drone  
  33  2:45  Queen  
  33  2:49  Overlord  
  35  2:59  Drone  
  35  3:07  Overlord  
  35  3:08  Drone  
  35  3:09  Drone x3  
  35  3:10  Drone  
  40  3:14  Drone  
  40  3:18  Drone x2  
  43  3:24  Overlord  
  43  3:26  Drone  
  44  3:28  Drone  
  45  3:34  Drone  
  45  3:35  Extractor  
  45  3:40  Drone  
  46  3:42  Hatchery  
  46  3:44  Drone x2  
  47  3:52  Overlord  
  47  3:54  Drone x2  
  49  3:55  Evolution Chamber  
  49  3:56  Evolution Chamber  
  49  3:57  Drone x2  
  49  3:58  Drone  
  49  3:59  Drone  
  51  4:05  Lair  
  51  4:09  Drone x2  
  53  4:13  Drone  
  54  4:18  Extractor  
  54  4:19  Drone  
  54  4:21  Extractor  
  54  4:23  Zerg Melee Weapons Level 1  
  53  4:29  Queen  
  55  4:39  Zergling x2  
  55  4:40  Zergling x12  
  62  4:47  Drone x2  
  62  4:50  Overlord  
  64  4:59  Zerg Ground Armor Level 1  
  64  5:01  Zergling x8  
  64  5:02  Baneling Nest  
  64  5:05  Drone x2  
  69  5:08  Queen  
  71  5:16  Overlord  
  71  5:17  Drone  
  71  5:18  Drone x5  
  77  5:23  Spire  
  77  5:27  Overlord  
  76  5:29  Overlord  
  76  5:31  Overseer  
  76  5:33  Overlord  
  76  5:41  Drone x3  
  79  5:43  Drone x2  
  79  5:45  Drone  
  79  5:47  Drone  
  83  5:50  Drone, Centrifical Hooks  
  83  5:51  Baneling  
  83  5:52  Baneling x3  
  83  5:53  Drone x2  
  83  5:54  Drone  
  87  5:57  Overlord  
  87  6:02  Spore Crawler  
  86  6:06  Zergling x6  
  86  6:09  Baneling x3  
  86  6:10  Baneling x2  
  89  6:12  Overlord  
  89  6:15  Zergling x10  
  94  6:24  Zergling x14  
  90  6:31  Overlord  
  87  6:34  Extractor  
  87  6:35  Overlord, Extractor  
  87  6:38  Mutalisk  
  87  6:41  Mutalisk x2  
  87  6:47  Mutalisk  
  91  6:51  Mutalisk  
  91  6:54  Drone  
  96  6:58  Drone  
  96  6:59  Hatchery  
  96  7:02  Drone  
  96  7:06  Baneling x3  
  96  7:08  Zergling x8  
  97  7:18  Drone x5  
  99  7:26  Drone x2  
  99  7:27  Drone  
  99  7:29  Drone x2  
  103  7:30  Overlord  
  103  7:31  Overseer  
  103  7:35  Zergling x2  
  101  7:37  Baneling x12  
  101  7:38  Zergling x4  
  101  7:43  Zergling x2  
  104  7:45  Hatchery  
  99  8:01  Overseer  
  99  8:03  Zergling x16  
  105  8:08  Zergling x4  
  105  8:09  Mutalisk  
  105  8:10  Mutalisk x3  
Tags
 
Add a new tag
Caveats
  • Supply blocks, unpowered buildings, or Contaminate may cause inaccurate times.
  • Supply counts are checked every 10 seconds.